 Dungeon Crawl Stone Soup version 0.30-a0-728-gc68057be0a (webtiles) character file.

Game seed: 7312596153303971458

482 Dittersdorf the Covered (level 7, 0/44 HPs)
             Began as a Gargoyle Fighter on Jan 30, 2023.
             Slain by an orc
             ... wielding a +0 trident
              (3 damage)
             ... on level 5 of the Dungeon.
             The game lasted 00:07:07 (3205 turns).

Dittersdorf the Covered (Gargoyle Fighter)          Turns: 3205, Time: 00:07:07

Health: 0/44       AC: 16    Str: 22    XL:     7   Next: 12%
Magic:  7/7        EV:  7    Int:  8    God:
Gold:   190        SH:  0    Dex:  9    Spells: 6/6 levels left

rFire   + . .      SeeInvis .    r - +2 flail (drain)
rCold   . . .      Faith    .    c - +0 buckler
rNeg    + . .      Spirit   .    o - +0 chain mail
rPois   ∞          Reflect  .    (no helmet)
rElec   +          Harm     .    (no cloak)
rCorr   .          Rampage  .    f - +1 pair of gloves
Will    .....                    (no boots) Stlth
                                 (no amulet)
HPRegen 0.27/turn                q - ring of protection from fire
MPRegen 0.10/turn                (no ring)

@: confused
A: sickness immunity, AC +4, negative energy resistance 1, electricity
resistance, torment resistance 1, petrification resistance
a: no special abilities


You were on level 5 of the Dungeon.
You visited 1 branch of the dungeon, and saw 5 of its levels.

You collected 190 gold pieces.

Inventory:

Hand Weapons
 r - a +2 flail of draining (weapon)
Armour
 b - a +0 plate armour
 c - a +0 buckler (worn)
 f - a +1 pair of gloves (worn)
 o - a +0 chain mail (worn)
Jewellery
 q - a ring of protection from fire (left hand)
Scrolls
 e - 3 scrolls of identify
 l - 3 scrolls of fog
 m - 5 scrolls of teleportation
 p - a scroll of poison
Potions
 d - 5 potions of might
 k - 4 potions of curing
 s - a potion of mutation
 t - a potion of haste


   Skills:
 + Level 5.1 Fighting
 + Level 4.0 Maces & Flails
 + Level 5.2 Armour
 + Level 5.1 Shields


You had 6 spell levels left.
You didn't know any spells.
Your spell library contained the following spells:

 Spells                   Type           Power      Damage    Failure   Level
 Kindle Blastsparks       Fire/Tloc/Air  0%         2d10      100%        3
 Fulminant Prism          Conj/Hex       0%         3d5       100%        4
 Iskenderun's Mystic Bla  Conj/Tloc      0%         2d3       100%        4
 Lee's Rapid Deconstruct  Erth           0%         3d4*      100%        5


Dungeon Overview and Level Annotations

Branches:
Dungeon (5/15)
 Temple: D:4-7

Altars:

Shops:
D:2 (

Annotations:
D:4 2 runed translucent doors, sircluck's ghost, amateur TeSu


Innate Abilities, Weirdness & Mutations

You are immune to sickness and miasma.
Your stone body is resilient. (AC +4)
You are immune to poison.
You resist negative energy. (rN+)
You are resistant to electric shocks. (rElec)
You are resistant to unholy torment.
You are immune to petrification.


Message History

The puff of flame hits you but does no damage.
You miss something. The orc hits you but does no damage.
Something hits you but does no damage. The orc closely misses you.
You hear some strange, mumbled words.
A puff of flame appears from out of thin air!
The puff of flame hits you. You resist.
* * * LOW HITPOINT WARNING * * *
You barely miss something.
An orc wizard appears from thin air!
Reactivating autopickup.
The orc closely misses you.
The orc wizard hits you but does no damage.
You hit the orc wizard but do no damage.
You drain the orc wizard.
The orc wizard is almost dead.
The orc hits you but does no damage.
The orc wizard gestures at you while chanting.
The puff of flame hits you but does no damage.
You bump into the rock wall.
You feel less confused. The orc hits you but does no damage.
You block the orc wizard's attack.
You barely miss the orc wizard.
The orc wizard is almost dead.
The orc hits you but does no damage. The orc wizard closely misses you.
You miss the orc wizard.
The orc wizard is almost dead.
The orc hits you but does no damage. The orc wizard casts a spell at you.
You are confused.
The orc wizard points at you and mumbles some strange words.
The magic dart hits you.
* * * LOW HITPOINT WARNING * * *
The orc barely misses you.
You sock the orc wizard!
You kill the orc wizard!
The orc hits you but does no damage.
Your Maces & Flails skill increases to level 4!
The orc barely misses you.
You're too confused to move!
The orc hits you but does no damage. The orc hits you with a +0 trident.
You die...

#. ##########
.######.
#........#
........
#........#
###.....
#........# #.....
#........# #.....
#........# #.....
.......?.)#####
#.....
........o@.)..#
#.....
......###.....#
#..... ......
#.))..#######..(..
......
#...........'.....
.....
#......######.....
..... #......#
#..... .........#
###### .........#
....#######


You could see an orc.

Vanquished Creatures
  Grinder (D:4)
  A scorpion (D:5)
  A hound (D:4)
  An orc wizard (D:5)
  6 adders
  A shadow imp (D:5)
  A worm (D:2)
  4 dart slugs
  9 orcs
  7 bats
  10 endoplasms
  2 giant cockroaches
  A goblin (D:4)
  5 hobgoblins
  5 jackals (D:1)
  2 quokkas
  10 ball pythons
  5 frilled lizards
  8 kobolds
  8 rats
88 creatures vanquished.

Notes
Turn   | Place    | Note
-------+----------+-------------------------------------------
     0 | D:1      | Dittersdorf the Gargoyle Fighter began the quest for the
                  | Orb.
     0 | D:1      | Reached XP level 1. HP: 14/14 MP: 1/1
   302 | D:1      | Reached XP level 2. HP: 19/19 MP: 2/2
   458 | D:1      | Reached XP level 3. HP: 23/23 MP: 3/3
   910 | D:2      | Found Zyqiliso's Weapon Emporium.
   952 | D:2      | Reached XP level 4. HP: 26/29 MP: 4/4
   981 | D:2      | Found a faded altar of an unknown god.
  2423 | D:4      | Reached XP level 5. HP: 33/33 MP: 5/5
  2474 | D:4      | Found a large runed translucent door.
  2474 | D:4      | Found a large runed translucent door.
  2476 | D:4      | Noticed sircluck's ghost (amateur TeSu)
  2745 | D:4      | Noticed Grinder
  2758 | D:4      | Paralysed by Grinder for 4 turns
  2763 | D:4      | Killed Grinder
  2764 | D:4      | Reached XP level 6. HP: 9/40 MP: 6/6
  2896 | D:4      | Reached skill level 5 in Armour
  3033 | D:5      | Entered Level 5 of the Dungeon
  3137 | D:5      | Reached skill level 5 in Fighting
  3137 | D:5      | Reached skill level 5 in Shields
  3137 | D:5      | Reached XP level 7. HP: 44/44 MP: 7/7
  3201 | D:5      | HP: 2/44 [orc wizard/magic dart (5)]
  3205 | D:5      | Slain by an orc

Illustrated notes

Levels and vault maps discovered:
D:1:      nicolae_arrival_somewhat_less_tricky_arrival, layout_basic
D:2:      layout_rooms, nicolae_ecumenical_oubliette, serial_shops, shop_statue
D:3:      layout_basic, kennysheep_potato
D:4:      layout_cave_pools, ebering_ghost_disaster_area, uniq_grinder
D:5:      layout_basic

Skill      XL: |  1  2  3  4  5  6  7 |
---------------+----------------------+-----
Armour         | 4 5 |  5.2
Shields        | 4 5 |  5.1
Fighting       | 4 5 |  5.1
Maces & Flails | 3 4 |  4.0

Action                     |  1- 3 |  4- 6 |  7- 9 || total
---------------------------+-------+-------+-------++-------
  Melee: Flail             |   130 |   127 |    33 ||   290
    Use: Scroll            |       |    12 |       ||    12
 Armour: Scale mail        |    89 |    13 |       ||   102
         Chain mail        |       |    68 |    53 ||   121
  Dodge: Dodged            |    85 |    43 |    27 ||   155
  Block: Buckler           |    37 |    27 |     7 ||    71

Table legend: (Time is in decaauts)
 A = Elapsed time spent in this place.
 B = Non-inter-level travel time spent in this place.
 C = Inter-level travel time spent in this place.
 D = Time resting spent in this place.
 E = Time spent auto-exploring this place.
 F = Levels seen in this place.
 G = Mean time per level.
                   A        B        C        D        E       F      G
               +--------+--------+--------+--------+--------+-----+--------+
         Total |   3294 |   2961 |    333 |    149 |   2117 |   5 |  658.8 |
       Dungeon |   3294 |   2961 |    333 |    149 |   2117 |   5 |  658.8 |
               +--------+--------+--------+--------+--------+-----+--------+

Top non-repeatable levels by time:
     D:3: 1002 daAuts
     D:1: 944 daAuts
     D:4: 742 daAuts
     D:2: 477 daAuts
     D:5: 127 daAuts
